 Dungeon Crawl Stone Soup version 0.29.1-15-g9cfb28693d (webtiles) character file.

Game seed: 5136271617460662470

95 Hakkniv the Digger (level 4, -13/24 HPs)
             Began as a Gargoyle Earth Elementalist on Mar 1, 2023.
             Mangled by a gnoll
             ... wielding a +0 halberd
              (15 damage)
             ... on level 2 of the Dungeon.
             The game lasted 00:05:00 (2180 turns).

Hakkniv the Digger (Gargoyle Earth Elementalist)    Turns: 2180, Time: 00:05:01

Health: -13/24     AC:  6    Str: 12    XL:     4   Next: 66%
Magic:  6/8        EV: 11    Int: 17    God:
Gold:   139        SH:  0    Dex: 10    Spells: 8/9 levels left

rFire   . . .      SeeInvis .   (no weapon)
rCold   . . .      Faith    .   (no shield)
rNeg    + . .      Spirit   .   a - +0 robe
rPois   ∞          Reflect  .   (no helmet)
rElec   +          Harm     .   (no cloak)
rCorr   .          Rampage  .   j - +0 pair of gloves
Will    .....                   (no boots)
Stlth   ++........              (no amulet)
HPRegen 0.08/turn               (no ring)
MPRegen 0.11/turn               (no ring)

@: no status effects
A: sickness immunity, AC +3, negative energy resistance 1, electricity
resistance, torment resistance 1, petrification resistance
a: no special abilities


You were on level 2 of the Dungeon.
You visited 1 branch of the dungeon, and saw 3 of its levels.

You collected 139 gold pieces.

Inventory:

Armour
 a - a +0 robe (worn)
 j - a +0 pair of gloves (worn)
Jewellery
 k - a ring of see invisible
Wands
 i - a wand of mindburst (11)
Scrolls
 d - 2 scrolls of identify {unknown}
Potions
 b - a potion of magic
 c - a potion of heal wounds {unknown}
 e - 2 potions of degeneration {unknown}
 f - a potion of might {unknown}
 g - a potion of curing {unknown}
 h - a potion of ambrosia {unknown}


   Skills:
 - Level 1.5 Dodging
 - Level 2.1 Stealth
 + Level 3.3 Spellcasting
 - Level 0.7 Transmutations
 + Level 5.2 Earth Magic


You had 8 spell levels left.
You knew the following spells:

 Your Spells              Type           Power      Damage    Failure   Level
a - Sandblast             Erth           40%        2d10      1%          1

Your spell library contained the following spells:

 Spells                   Type           Power      Damage    Failure   Level
 Passwall                 Tmut/Erth      10%        N/A       8%          2
 Stone Arrow              Conj/Erth      22%        3d8       17%         3
 Petrify                  Tmut/Erth      12%        N/A       45%         4


Dungeon Overview and Level Annotations

Branches:
Dungeon (3/15)

Altars:
Wu Jian

Shops:
D:2 *


Innate Abilities, Weirdness & Mutations

You are immune to sickness and miasma.
Your stone body is resilient. (AC +3)
You are immune to poison.
You resist negative energy. (rN+)
You are resistant to electric shocks. (rElec)
You are resistant to unholy torment.
You are immune to petrification.


Message History

The gnoll closely misses you. The gnoll attacks as you move away!
The gnoll hits you but does no damage.
There is a stone staircase leading up here.
The gnoll barely misses you.
You climb upwards.
There is a stone staircase leading down here.
Casting: Sandblast (safe; 1% risk of failure)
Confirm with . or Enter, or press ? or * to list all spells.
Aiming: Sandblast (safe; 1% risk of failure)
Press: ? - help, Shift-Dir - straight line, f - gnoll
Aim: a gnoll, wielding a +0 club (heavily wounded, 85% to hit)
The blast of sand hits the gnoll!
You kill the gnoll!
You start resting.
Magic restored.
You start resting.
HP restored.
You climb downwards.
The gnoll closely misses you. The gnoll barely misses you.
The gnoll hits you with a +0 halberd!
There is a stone staircase leading up here.
The gnoll completely misses you. The gnoll hits you with a +0 halberd.
You climb upwards.
There is a stone staircase leading down here.
Casting: Sandblast (safe; 1% risk of failure)
Confirm with . or Enter, or press ? or * to list all spells.
Aiming: Sandblast (safe; 1% risk of failure)
Press: ? - help, Shift-Dir - straight line, f - gnoll
Aim: a gnoll, wielding a +0 halberd (85% to hit)
The blast of sand misses the gnoll.
The gnoll barely misses you. The gnoll hits you with a +0 halberd.
* * * LOW HITPOINT WARNING * * *
Casting: Sandblast (safe; 1% risk of failure)
Confirm with . or Enter, or press ? or * to list all spells.
Aiming: Sandblast (safe; 1% risk of failure)
Press: ? - help, Shift-Dir - straight line, f/p - gnoll
Aim: a gnoll, wielding a +0 halberd (85% to hit)
The blast of sand misses the gnoll.
The gnoll misses you. The gnoll hits you with a +0 halberd!
Ouch! That really hurt!
You die...

## ####..# #.###.##.#
.#######...###.# #)...#
.....##.#...##.###.####
####.#.##..#.#.....#
#.......#.##...##
###.###.#.#..#..#
##.##..<..###.#
##...###.g#g.# #####
##)@.## #####


You could see 2 gnolls.

Vanquished Creatures
  2 gnolls
  2 adders
  3 dart slugs
  10 ball pythons
  4 bats
  4 endoplasms
  2 giant cockroaches (D:1)
  5 goblins
  3 hobgoblins
  4 jackals (D:3)
  2 quokkas (D:1)
  A frilled lizard (D:1)
  A kobold (D:3)
  5 rats
48 creatures vanquished.

Vanquished Creatures (others)
  3 plants (D:2)
3 creatures vanquished.

Grand Total: 51 creatures vanquished

Notes
Turn   | Place    | Note
-------+----------+-------------------------------------------
     0 | D:1      | Hakkniv the Gargoyle Earth Elementalist began the quest for
                  | the Orb.
     0 | D:1      | Reached XP level 1. HP: 10/10 MP: 3/3
    53 | D:1      | Reached skill level 4 in Earth Magic
   134 | D:1      | Reached XP level 2. HP: 15/15 MP: 3/5
   647 | D:1      | Reached XP level 3. HP: 19/19 MP: 4/6
   923 | D:2      | Found Kyadin's Assorted Antiques.
  1449 | D:2      | Reached XP level 4. HP: 24/24 MP: 6/8
  1698 | D:3      | Reached skill level 5 in Earth Magic
  1908 | D:3      | Found an ornate altar of the Wu Jian Council.
  2180 | D:2      | Mangled by a gnoll

Illustrated notes

Levels and vault maps discovered:
D:1:      giann_wishing_wells, layout_rooms, minmay_tiny_reverse_x
D:2:      layout_loops_ring, serial_shops, nicolae_shop_overgrown_old_shop,
          minmay_shallow_snake_nest
D:3:      layout_basic, nicolae_wu_jian_wuxing_cycle,
          ebering_ecumenical_altar_webs, minmay_misc_feat_iff

Skill      XL: |  1  2  3  4 |
---------------+-------------+-----
Earth Magic    | 4 5 |  5.2
Spellcasting   | 3 |  3.3
Dodging        | |  1.5
Stealth        | |  2.1
Transmutations | |  0.7

Action                   |  1- 3 |  4- 6 || total
-------------------------+-------+-------++-------
Melee: Unarmed           |    12 |       ||    12
 Cast: Sandblast         |    43 |    19 ||    62
Armor: Robe              |     8 |     3 ||    11
Dodge: Dodged            |    17 |     9 ||    26
